 Dungeon Crawl Stone Soup version 0.21-a0-215-g0631661 (webtiles) character file.

224 namelastname112 the Skirmisher (level 5, -1/52 HPs)
             Began as a Draconian Wanderer on Aug 22, 2017.
             Slain by a worm (6 damage)
             ... on level 4 of the Dungeon.
             The game lasted 00:04:34 (2326 turns).

namelastname112 the Skirmisher (Draconian Wanderer) Turns: 2326, Time: 00:04:34

Health: -1/52      AC:  7    Str: 14    XL:     5   Next: 67%
Magic:  5/5        EV: 12    Int: 12    God:
Gold:   193        SH:  0    Dex: 12    Spells: 4/4 levels left

rFire    + . .     SeeInvis .   b - +0 long sword
rCold    . . .     Gourm    .   (no shield)
rNeg     . . .     Faith    .   (armour unavailable)
rPois    .         Spirit   .   (helmet restricted)
rElec    .         Reflect  .   p - +1 cloak
rCorr    .         Harm     .   (no gloves)
MR       .....                  (no boots)
Stlth    ++........             B - amulet of inaccuracy (curse)
HPRegen  0.17/turn              t - ring of protection from fire
MPRegen  0.09/turn              (no ring)

@: lethally poisoned (-1 -> -12)
A: unfitting armour, cold-blooded, AC +5
a: no special abilities


You were on level 4 of the Dungeon.
You were not hungry.

You visited 1 branch of the dungeon, and saw 4 of its levels.

You collected 193 gold pieces.

Inventory:

Hand Weapons
 a - a +2 shortbow
 b - a +0 long sword (weapon)
Missiles
 q - 36 arrows
Armour
 p - a +1 cloak (worn)
Jewellery
 e - an uncursed amulet of faith
 t - a ring of protection from fire (left hand)
 B - a cursed amulet of inaccuracy (around neck)
Scrolls
 h - a scroll of enchant armour
 n - a scroll of teleportation
 r - 2 scrolls of identify
 y - a scroll of magic mapping
Potions
 c - 5 potions of curing
 f - 3 potions of degeneration
 k - a potion of heal wounds {unknown}
 l - 2 potions of might {unknown}
 m - 2 potions of mutation {unknown}
 o - 2 potions of agility {unknown}
 s - 2 potions of ambrosia {unknown}
 u - 2 potions of magic {unknown}
 z - a potion of lignification {unknown}
Comestibles
 d - 2 bread rations
 g - 2 royal jellies
 i - 3 meat rations


   Skills:
 + Level 7.4 Fighting
 + Level 2.0 Long Blades
 * Level 3.5 Bows
 - Level 1.0 Throwing
 + Level 1.7 Dodging
 - Level 1.0 Stealth


You had 4 spell levels left.
You didn't know any spells.

Dungeon Overview and Level Annotations

Branches:
Dungeon (4/15)
 Temple: D:4-7

Altars:
Sif Muna
The Shining One


Innate Abilities, Weirdness & Mutations

Your plain brown scales are hard. (AC +5)
You cannot fit into any form of body armour.
You are cold-blooded and may be slowed by cold attacks.


Message History

You are too injured to fight recklessly!
You are too injured to fight recklessly!
You are too injured to fight recklessly!
You are too injured to fight recklessly!
You closely miss the worker ant.
You tail-slap the worker ant, but do no damage.
The worker ant is moderately wounded.
You feel sick. The worker ant closely misses you.
You riposte.
You hit the worker ant.
The worker ant is heavily wounded.
The worm bites you.
* * * LOW HITPOINT WARNING * * *
You take 8 damage, and have 13/52 hp.
You hit the worker ant.
The worker ant is heavily wounded.
* * * LOW HITPOINT WARNING * * *
You feel sick. The worker ant bites you!
* * * LOW HITPOINT WARNING * * *
The worm bites you.
You die...

,,,* *,,,,,,,*,,*,* **,*,** ,,,*
****,*#.#..#.# **,***,** ,,,*
*,**.#..#.# **,*****,*** ,,,****
*,,,....#.# *,***,,,,,,* ,.,,,,*
****,.....* **,**,**,*,*
,..#*,*### **#...#* *,,,,,,,,,*
,....,,..# #...# *,*,,,,*,,,
,.....##.# #.wa# *,*,,*,*,**
,#.......# #.@.#####.*,,,,*,*
,*,**,*#.######.........*,**,*,*
,*,,,,*#)#....>........[,,,,,*,**
,*,,*,*#......).....>...,,,,,,,,,
,,,,,,*#.#....).........**,,,,**,
**,,,,...####.)....####.*,,,,,**,
**,*##### #.#........,,***,***,
*,** #.#....####*,* *,***, *,,*
#.#....# *,***,,,,,


You could see a worm and a worker ant.

Vanquished Creatures
  A hound (D:4)
  2 worker ants (D:4)
  8 adders
  2 oozes
  A dart slug (D:1)
  5 orcs
  2 ball pythons
  3 giant cockroaches
  8 goblins
  5 hobgoblins
  8 jackals
  3 bats
  5 frilled lizards
  7 kobolds
  6 rats
66 creatures vanquished.

Notes
Turn   | Place    | Note
-------+----------+-------------------------------------------
     0 | D:1      | namelastname112 the Draconian Wanderer began the quest for the Orb.
     0 | D:1      | namelastname112 set off with: a +2 shortbow, 28 arrows, 2 potions of curing, a bread ration
     0 | D:1      | Reached XP level 1. HP: 25/25 MP: 1/1
   282 | D:1      | Reached XP level 2. HP: 31/31 MP: 2/2
   782 | D:2      | Reached XP level 3. HP: 38/38 MP: 3/3
   902 | D:2      | Found a faded altar of an unknown god.
   915 | D:2      | Became a worshipper of Sif Muna the Loreminder
   915 | D:2      | Reached * piety under Sif Muna
   928 | D:2      | Fell from the grace of Sif Muna
   955 | D:2      | Reached skill level 7 in Fighting
   991 | D:2      | Reached skill level 1 in Dodging
  1161 | D:2      | Reached skill level 1 in Long Blades
  1161 | D:2      | Reached XP level 4. HP: 40/47 MP: 4/4
  1630 | D:3      | Found a glowing golden altar of the Shining One.
  1885 | D:3      | Reached XP level 5. HP: 46/52 MP: 5/5
  2326 | D:4      | Slain by a worm

Vault maps used:
D:1:      evilmike_arrival_hilbert_curve, kennysheep_small_spiral,
          item_on_display_a
D:2:      chequers_ecumenical_altar_simple_redux
D:3:      tso_altar, first_bread

Skill      XL: |  1  2  3  4  5 |
---------------+----------------+-----
Bows           | 2 3 |  3.5
Fighting       | 7 |  7.4
Dodging        | 1 |  1.7
Long Blades    | 1 2 |  2.0
Throwing       | |  1.0
Stealth        | |  1.0

Action                   |  1- 3 |  4- 6 || total
-------------------------+-------+-------++-------
Melee: Long sword        |    43 |   109 ||   152
       Tailslap          |     5 |    11 ||    16
 Fire: Shortbow          |    36 |       ||    36
Invok: Renounce Religion |     1 |       ||     1
  Use: Scroll            |       |     9 ||     9
       Potion            |       |     1 ||     1
 Stab: Sleeping          |     1 |       ||     1
  Eat: Chunk             |       |     5 ||     5
Armor: Skin              |    20 |    57 ||    77
Dodge: Dodged            |    30 |   110 ||   140
       Rpst.: Long sword |     7 |    35 ||    42

Table legend:
 A = Spawn XP
 B = Non-spawn XP
 C = Spawn XP percentage of total XP
 D = Spawn monster count
 E = Non-spawn monster count
 F = Spawn count percentage of total count
 G = Total turns spent on level
                    A         B        C        D         E        F      G
               +---------+---------+-------+---------+---------+-------+---------
         Total |      18 |     303 |   5.6 |       8 |      58 |  12.1 |  2326
               +---------+---------+-------+---------+---------+-------+---------
           D:1 |      11 |      23 |  32.4 |       4 |      14 |  22.2 |   724
           D:2 |       5 |      68 |   6.8 |       3 |      20 |  13.0 |   597
           D:3 |       2 |      88 |   2.2 |       1 |      15 |   6.2 |   674
           D:4 |       0 |     124 |   0.0 |       0 |       9 |   0.0 |   331
               +---------+---------+-------+---------+---------+-------+---------
